 Dungeon Crawl Stone Soup version 0.28.0-53-g5a82cb258f (webtiles) character file.

Game seed: 13036444884514999930

171 Sin92 the Skirmisher (level 5, -1/42 HPs)
             Began as a Demonspawn Fighter on June 16, 2022.
             Slain by a gnoll
             ... wielding a +0 flail
              (3 damage)
             ... on level 3 of the Dungeon.
             The game lasted 00:04:17 (2760 turns).

Sin92 the Skirmisher (Demonspawn Fighter)           Turns: 2760, Time: 00:04:18

Health: -1/42      AC:  6    Str: 18    XL:     5   Next: 26%
Magic:  5/5        EV:  7    Int: 10    God:
Gold:   72         SH:  0    Dex: 14    Spells: 4/4 levels left

rFire   . . .      SeeInvis .   a - +0 flail
rCold   . . .      Faith    .   c - +0 buckler
rNeg    . . .      Spirit   .   b - +0 scale mail
rPois   .          Reflect  .   (no helmet)
rElec   .          Harm     .   (no cloak)
rCorr   .          Rampage  .   (no gloves)
Will    .....                   (no boots)
Stlth   ..........              (no amulet)
HPRegen 0.14/turn               (no ring)
MPRegen 0.09/turn               (no ring)

@: held
A: repulsion field 1, ignite blood 2, strong 1
a: no special abilities


You were on level 3 of the Dungeon.
You visited 1 branch of the dungeon, and saw 3 of its levels.

You collected 72 gold pieces.

Inventory:

Hand Weapons
 a - a +0 flail (weapon)
Armour
 b - a +0 scale mail (worn)
 c - a +0 buckler (worn)
Jewellery
 h - an amulet of faith
Scrolls
 e - 2 scrolls of teleportation
 f - 3 scrolls of blinking {unknown}
 g - 2 scrolls of identify
 i - a scroll of fear {unknown}
 j - a scroll of holy word {unknown}
Potions
 d - a potion of mutation


   Skills:
 + Level 3.7 Fighting
 + Level 2.7 Maces & Flails
 + Level 3.3 Armour
 + Level 1.7 Dodging
 + Level 3.4 Shields


You had 4 spell levels left.
You didn't know any spells.
Your spell library was empty.

Dungeon Overview and Level Annotations

Branches:
Dungeon (3/15)

Altars:


Innate Abilities, Weirdness & Mutations

You are surrounded by a mild repulsion field. (EV +2)
Your demonic aura often causes spilled blood to erupt in flames.
Your muscles are strong. (Str +2)


Message History

There are monsters nearby!
You hit the gnoll.
The gnoll is moderately wounded.
The gnoll hits you but does no damage.
The gnoll is engulfed in blazing flames.
You kill the gnoll!
You block the gnoll's attack. The gnoll hits you with a +0 flail!
The gnoll hits you from afar with a +0 spear.
You barely miss the gnoll.
The gnoll is engulfed in blazing flames.
The gnoll hits you with a +0 spear. The gnoll hits you with a +0 flail!
The gnoll hits you from afar with a +0 spear.
* * * LOW HITPOINT WARNING * * *
The gnoll is engulfed in blazing flames.
You kill the gnoll!
You are too injured to fight recklessly!
You are too injured to fight recklessly!
Unknown command.
You are too injured to fight recklessly!
You hit the gnoll.
The gnoll is lightly wounded.
The gnoll hits you with a +0 flail.
* * * LOW HITPOINT WARNING * * *
The gnoll throws a throwing net.
The throwing net hits you.
You become entangled in the net!
The gnoll hits you with a +0 flail.
* * * LOW HITPOINT WARNING * * *
You struggle against the net.
The gnoll hits you from afar with a +0 spear.
* * * LOW HITPOINT WARNING * * *
The gnoll closely misses you.
Unknown command.
You tear a large gash into the net.
The gnoll hits you from afar with a +0 spear.
* * * LOW HITPOINT WARNING * * *
The gnoll hits you but does no damage.
Unknown command.
It was a potion of mutation.
You feel extremely strange.
You feel stronger. The gnoll closely misses you.
The gnoll hits you with a +0 flail.
You die...

#.# #.# #.# #.# #.#
#####################.##
.......(................
######.#############.##
#.@)..# ........##
#)g...# .........#
#...g.# .........#
#.....#. .........#
#.....#.#.........#
#.....#.#...).....#
#.....#.#.........# ..
#.....#.#.........# #.
... #.#..........


You could see 2 gnolls.

Vanquished Creatures
  An orc wizard (D:3)
  6 gnolls
  3 adders (D:2)
  A worm (D:2)
  2 orcs (D:3)
  6 ball pythons
  5 endoplasms
  4 giant cockroaches
  2 goblins (D:1)
  7 hobgoblins
  3 jackals (D:2)
  9 bats
  3 frilled lizards (D:1)
  2 kobolds
  2 rats (D:1)
  A toadstool (D:1)
57 creatures vanquished.

Vanquished Creatures (others)
  3 toadstools (D:1)
3 creatures vanquished.

Grand Total: 60 creatures vanquished

Notes
Turn   | Place    | Note
-------+----------+-------------------------------------------
     0 | D:1      | Sin92 the Demonspawn Fighter began the quest for the Orb.
     0 | D:1      | Reached XP level 1. HP: 18/18 MP: 1/1
   276 | D:1      | Gained mutation: Your demonic aura sometimes causes spilled
                  | blood to erupt in flames. [demonic ancestry]
   276 | D:1      | Reached XP level 2. HP: 24/24 MP: 2/2
  1049 | D:2      | Gained mutation: Your demonic aura often causes spilled
                  | blood to erupt in flames. [demonic ancestry]
  1049 | D:2      | Reached XP level 3. HP: 27/29 MP: 3/3
  1094 | D:2      | Reached skill level 1 in Dodging
  1320 | D:2      | Gained mutation: You are surrounded by a mild repulsion
                  | field. (EV +2) [demonic ancestry]
  1320 | D:2      | Reached XP level 4. HP: 2/35 MP: 4/4
  1320 | D:2      | HP: 1/35 [gnoll/+0 spear (2)]
  2173 | D:2      | Found a faded altar of an unknown god.
  2536 | D:3      | Reached XP level 5. HP: 25/42 MP: 5/5
  2759 | D:3      | HP: 2/42 [gnoll/+0 spear (1)]
  2760 | D:3      | Gained mutation: Your muscles are strong. (Str +2) [potion
                  | of mutation]
  2760 | D:3      | Slain by a gnoll

Illustrated notes

Levels and vault maps discovered:
D:1:      ldierk_water_garden, layout_basic, kennysheep_flooded_box
D:2:      layout_rooms, chequers_ecumenical_altar_simple, minmay_diced_spiral
D:3:      layout_basic, minmay_crystal_room

Skill      XL: |  1  2  3 |
---------------+----------+-----
Maces & Flails | 2 |  2.7
Shields        | 3 |  3.4
Armour         | 3 |  3.3
Dodging        | 1 |  1.7
Fighting       | |  3.7

Action                   |  1- 3 |  4- 6 || total
-------------------------+-------+-------++-------
Melee: Flail             |   111 |    91 ||   202
  Use: Scroll            |     1 |       ||     1
       Potion            |     2 |     1 ||     3
Armor: Scale mail        |    55 |    42 ||    97
Dodge: Dodged            |    68 |    61 ||   129
Block: Buckler           |    41 |    29 ||    70
